 Dungeon Crawl Stone Soup version 0.28.0-45-g0d030f2227 (webtiles) character file.

Game seed: 9640852983465630289

2837 MisterFreud the Covert (level 9, -2/66 HPs)
             Began as a Gnoll Delver on May 19, 2022.
             Was a Believer of Ru.
             Slain by a centaur warrior zombie (8 damage)
             ... on level 7 of the Dungeon.
             The game lasted 00:09:57 (7760 turns).

MisterFreud the Covert (Gnoll Delver)               Turns: 7760, Time: 00:09:58

Health: -2/66      AC:  3    Str: 12    XL:     9   Next: 74%
Magic:  15/15      EV: 14    Int: 14    God:    Ru [**....]
Gold:   213        SH:  5    Dex: 13    Spells: 17/17 levels left

rFire   . . .      SeeInvis .   o - +2 short sword (venom)
rCold   . . .      Faith    .   (no shield)
rNeg    . . .      Spirit   .   b - +0 leather armour
rPois   .          Reflect  +   (no helmet)
rElec   .          Harm     .   (no cloak)
rCorr   .          Rampage  .   (no gloves)
Will    .....                   (no boots)
Stlth   ++++......              s - amulet of reflection
HPRegen 0.21/turn               (no ring)
MPRegen 0.14/turn               (no ring)

@: no status effects
A: fangs 1, frail 1, strong nose, distributed training
a: Renounce Religion


You were on level 7 of the Dungeon.
You worshipped Ru.
Ru was pleased with you.
You visited 1 branch of the dungeon, and saw 7 of its levels.

You collected 363 gold pieces.
You spent 150 gold pieces at shops.

Inventory:

Hand Weapons
 n - a +1 short sword of protection
 o - a +2 short sword of venom (weapon)
 t - a +2 vampiric long sword
Missiles
 j - 4 javelins (quivered)
 u - 3 atropa-tipped darts
 w - 6 poisoned darts
Armour
 b - a +0 leather armour (worn)
Jewellery
 s - an amulet of reflection (around neck)
 y - a +4 ring of protection
Wands
 g - a wand of digging (3)
 h - a wand of paralysis (4)
 k - a wand of flame (25)
 A - a wand of charming (7)
 B - a wand of iceblast (9)
Scrolls
 a - 4 scrolls of teleportation
 c - a scroll of fog
 d - 3 scrolls of magic mapping
 e - a scroll of fear
 l - a scroll of vulnerability
 p - 2 scrolls of blinking
 q - a scroll of immolation
 r - 4 scrolls of enchant weapon
 x - a scroll of amnesia
Potions
 f - a potion of haste
 i - 2 potions of heal wounds
 m - 6 potions of curing
 v - a potion of cancellation
 z - a potion of flight
 C - a potion of berserk rage


   Skills:
 + Level 8.0 Fighting
 + Level 6.5 Short Blades
 + Level 4.5 Long Blades
 + Level 4.5 Axes
 + Level 4.5 Maces & Flails
 + Level 4.5 Polearms
 + Level 4.5 Staves
 + Level 4.5 Slings
 + Level 4.5 Bows
 + Level 4.5 Crossbows
 + Level 4.5 Throwing
 + Level 4.5 Armour
 + Level 6.5 Dodging
 + Level 10.6 Stealth
 + Level 4.5 Shields
 + Level 4.5 Unarmed Combat
 + Level 4.5 Spellcasting
 + Level 3.7 Conjurations
 + Level 3.7 Hexes
 + Level 3.7 Summonings
 + Level 3.7 Necromancy
 + Level 3.7 Translocations
 + Level 3.7 Transmutations
 + Level 3.7 Fire Magic
 + Level 3.7 Ice Magic
 + Level 3.7 Air Magic
 + Level 3.7 Earth Magic
 + Level 3.7 Poison Magic
 + Level 5.0 Invocations
 + Level 4.5 Evocations


You had 17 spell levels left.
You didn't know any spells.
Your spell library contained the following spells:

 Spells                   Type           Power      Damage    Failure   Level
 Beastly Appendage        Tmut           26%        N/A       4%          1
 Pain                     Necr           52%        1d6       4%          1
 Sublimation of Blood     Necr           13%        N/A       8%          2
 Wereblood                Tmut           13%        N/A       8%          2
 Spider Form              Tmut/Pois      13%        N/A       16%         3
 Stone Arrow              Conj/Erth      26%        3d8       16%         3
 Animate Armour           Summ/Erth      26%        N/A       45%         4
 Petrify                  Tmut/Erth      13%        N/A       45%         4
 Agony                    Necr           13%        N/A       80%         5
 Excruciating Wounds      Necr           6%         N/A       80%         5
 Irradiate                Conj/Tmut      6%         3d15      80%         5
 Lehudib's Crystal Spear  Conj/Erth      6%         10d3      100%        8


Dungeon Overview and Level Annotations

Branches:
Dungeon (7/15)             Temple (0/1) D:5

Altars:
Gozag
Ru
Sif Muna
The Shining One

Shops:
D:2 ?   D:3 =


Innate Abilities, Weirdness & Mutations

You have very sharp teeth.
You are frail. (-10% HP)
Your uncanny sense of smell can sniff out nearby items.
Your experience applies equally to all skills.


Message History

You puncture the centaur warrior zombie!
You punch the centaur warrior zombie.
The centaur warrior zombie is heavily damaged.
You block the centaur warrior zombie's attack.
The centaur warrior zombie kicks you.
You are too injured to fight recklessly!
You puncture the centaur warrior zombie!
The centaur warrior zombie is heavily damaged.
The centaur warrior zombie barely misses you. x2
You hit the centaur warrior zombie.
The centaur warrior zombie is heavily damaged.
You block the centaur warrior zombie's attack.
The centaur warrior zombie completely misses you.
You hit the centaur warrior zombie.
You bite the centaur warrior zombie, but do no damage.
The centaur warrior zombie is heavily damaged.
The centaur warrior zombie hits you!
The centaur warrior zombie closely misses you.
You hit the centaur warrior zombie.
The centaur warrior zombie is severely damaged.
The centaur warrior zombie hits you.
* * * LOW HITPOINT WARNING * * *
The centaur warrior zombie kicks you.
* * * LOW HITPOINT WARNING * * *
You hit the centaur warrior zombie.
The centaur warrior zombie is severely damaged.
The centaur warrior zombie hits you!
* * * LOW HITPOINT WARNING * * *
The centaur warrior zombie closely misses you.
You hit the centaur warrior zombie.
The centaur warrior zombie is severely damaged.
The centaur warrior zombie misses you.
The centaur warrior zombie closely misses you.
You hit the centaur warrior zombie.
The centaur warrior zombie is severely damaged.
The centaur warrior zombie closely misses you. x2
You hit the centaur warrior zombie.
The centaur warrior zombie is almost destroyed.
The centaur warrior zombie hits you!
You die...

### ..# #.# #.# #.#
# #.#### ..#
#....####.....
#....@Z)......
..#####...##.#.....
.........## .# ..#
∆..#####..###.### .
#.........
##.###.###
######........#
#.........###..
#.####[...#


You could see a centaur warrior zombie.

Vanquished Creatures
  Sigmund (D:2)
  4 yaks
  An orc warrior (D:4)
  3 ice beasts
  A necrophage (D:5)
  A sky beast (D:5)
  2 phantoms (D:5)
  4 centaurs
  3 scorpions
  3 water moccasin skeletons
  A bullfrog skeleton (D:7)
  4 orc priests
  Ijyb (D:5)
  3 iguanas
  3 orc wizards
  Natasha (thrice) (D:2)
  A hound skeleton (D:4)
  7 gnolls
  7 adders
  A shadow imp (D:5)
  A white imp (D:5)
  2 worms (D:2)
  A dart slug (D:5)
  18 orcs
  9 bats
  4 endoplasms
  4 giant cockroaches
  6 goblins
  8 hobgoblins
  9 jackals
  5 kobolds
  4 quokkas
  10 ball pythons
  9 frilled lizards
  8 rats
152 creatures vanquished.

Vanquished Creatures (others)
  A yak (D:4)
  An orc (D:5)
2 creatures vanquished.

Grand Total: 154 creatures vanquished

Notes
Turn   | Place    | Note
-------+----------+-------------------------------------------
     0 | D:5      | Reached skill level 9 in Stealth
     0 | D:5      | MisterFreud the Gnoll Delver began the quest for the Orb.
     0 | D:5      | Reached XP level 1. HP: 23/23 MP: 1/1
    29 | D:5      | Noticed a scorpion
    35 | D:5      | Killed a scorpion
    36 | D:5      | Reached skill level 1 in Long Blades
    36 | D:5      | Reached skill level 1 in Axes
    36 | D:5      | Reached skill level 1 in Maces & Flails
    36 | D:5      | Reached skill level 1 in Polearms
    36 | D:5      | Reached skill level 1 in Staves
    36 | D:5      | Reached skill level 1 in Slings
    36 | D:5      | Reached skill level 1 in Bows
    36 | D:5      | Reached skill level 1 in Crossbows
    36 | D:5      | Reached skill level 1 in Throwing
    36 | D:5      | Reached skill level 1 in Armour
    36 | D:5      | Reached skill level 1 in Shields
    36 | D:5      | Reached skill level 1 in Unarmed Combat
    36 | D:5      | Reached skill level 1 in Spellcasting
    36 | D:5      | Reached skill level 1 in Invocations
    36 | D:5      | Reached skill level 1 in Evocations
    36 | D:5      | Reached XP level 2. HP: 29/29 MP: 1/3
    36 | D:5      | Reached XP level 3. HP: 35/35 MP: 1/4
    36 | D:5      | Reached XP level 4. HP: 41/41 MP: 1/5
    47 | D:5      | Noticed a phantom
    79 | D:5      | Killed a phantom
    80 | D:5      | Reached skill level 1 in Conjurations
    80 | D:5      | Reached skill level 1 in Hexes
    80 | D:5      | Reached skill level 1 in Summonings
    80 | D:5      | Reached skill level 1 in Necromancy
    80 | D:5      | Reached skill level 1 in Translocations
    80 | D:5      | Reached skill level 1 in Transmutations
    80 | D:5      | Reached skill level 1 in Fire Magic
    80 | D:5      | Reached skill level 1 in Ice Magic
    80 | D:5      | Reached skill level 1 in Air Magic
    80 | D:5      | Reached skill level 1 in Earth Magic
    80 | D:5      | Reached skill level 1 in Poison Magic
    80 | D:5      | Reached XP level 5. HP: 9/47 MP: 4/7
   642 | D:2      | Found Toirer's Magic Scroll Shoppe.
   804 | D:1      | Reached XP level 6. HP: 50/53 MP: 8/8
  1292 | D:1      | Found a faded altar of an unknown god.
  1567 | D:2      | Noticed Natasha
  1582 | D:2      | Killed Natasha
  1665 | D:2      | Noticed Sigmund
  1687 | D:2      | Killed Sigmund
  1688 | D:2      | Reached skill level 5 in Short Blades
  1688 | D:2      | Reached skill level 5 in Dodging
  1688 | D:2      | Reached XP level 7. HP: 39/59 MP: 8/10
  1981 | D:2      | Noticed Natasha
  1990 | D:2      | Killed Natasha
  2239 | D:3      | You fall into a shaft and drop 3 floors!
  2569 | D:6      | Reached skill level 10 in Stealth
  2715 | D:6      | Reached XP level 8. HP: 54/67 MP: 12/12
  2802 | D:6      | Found a glowing golden altar of the Shining One.
  2804 | D:6      | Found a sacrificial altar of Ru.
  2804 | D:6      | Found a shimmering blue altar of Sif Muna.
  2813 | D:6      | Became a worshipper of Ru the Awakened
  3223 | D:5      | Found a staircase to the Ecumenical Temple.
  3405 | D:5      | Noticed a yak
  3405 | D:5      | Noticed a yak
  3405 | D:5      | Noticed a yak
  3405 | D:5      | Noticed a yak
  3406 | D:5      | Noticed a yak
  3412 | D:5      | Killed a yak
  3433 | D:4      | Killed a yak
  4048 | D:3      | Found Kuwnad's Jewellery Shop.
  4060 | D:2      | Noticed Natasha
  4072 | D:2      | Killed Natasha
  4080 | D:2      | Bought a scroll of blinking for 90 gold pieces
  4080 | D:2      | Bought a scroll of teleportation for 36 gold pieces
  4080 | D:2      | Bought a scroll of identify for 24 gold pieces
  4463 | D:3      | Gained mutation: You are frail. (-10% HP) [Ru sacrifice]
  4463 | D:3      | Reached * piety under Ru
  4463 | D:3      | Reached ** piety under Ru
  5557 | D:5      | Reached XP level 9. HP: 43/64 MP: 14/14
  7310 | D:5      | Noticed Ijyb
  7318 | D:5      | Killed Ijyb
  7483 | D:5      | Reached skill level 5 in Invocations
  7686 | D:7      | Found an opulent altar of Gozag.
  7760 | D:7      | Slain by a centaur warrior zombie

Illustrated notes

Levels and vault maps discovered:
D:1:      mrwooster_arrival_statue_2, layout_loops_cross,
          shapermc_ecumenical_altar_starsandcircs, st_stairs_2,
          supply_closet_lemuel, minmay_tetromino_o2
D:2:      layout_basic, serial_shops, nicolae_shop_hallway_plus,
          minmay_box_of_dots, uniq_natasha, uniq_sigmund
D:3:      layout_basic, serial_shops, nicolae_square_shop,
          chequers_serial_rivers_large_b, minmay_misc_feat_hallway
D:4:      layout_rooms, minmay_lizard_king
D:5:      kennysheep_six_static_rooms, layout_gridville,
          minmay_temple_entry_antechambers, uniq_ijyb
D:6:      layout_rooms, minitemple, nrook_loot_triangle
D:7:      layout_loops_ring, nicolae_gozag_seed_capital,
          nzn_wu_jian_council_hall, columned_hall_lemuel, grunt_ministairs_15

Skill      XL: |  1  2  3  4  5  6  7  8  9 |
---------------+----------------------------+-----
Stealth        | 10 | 10.6
Long Blades    | 1 2 3 4 |  4.5
Axes           | 1 2 3 4 |  4.5
Maces & Flails | 1 2 3 4 |  4.5
Polearms       | 1 2 3 4 |  4.5
Staves         | 1 2 3 4 |  4.5
Slings         | 1 2 3 4 |  4.5
Bows           | 1 2 3 4 |  4.5
Crossbows      | 1 2 3 4 |  4.5
Throwing       | 1 2 3 4 |  4.5
Armour         | 1 2 3 4 |  4.5
Shields        | 1 2 3 4 |  4.5
Unarmed Combat | 1 2 3 4 |  4.5
Spellcasting   | 1 2 3 4 |  4.5
Invocations    | 1 2 3 4 5 |  5.0
Evocations     | 1 2 3 4 |  4.5
Conjurations   | 1 2 3 |  3.7
Hexes          | 1 2 3 |  3.7
Summonings     | 1 2 3 |  3.7
Necromancy     | 1 2 3 |  3.7
Translocations | 1 2 3 |  3.7
Transmutations | 1 2 3 |  3.7
Fire Magic     | 1 2 3 |  3.7
Ice Magic      | 1 2 3 |  3.7
Air Magic      | 1 2 3 |  3.7
Earth Magic    | 1 2 3 |  3.7
Poison Magic   | 1 2 3 |  3.7
Short Blades   | 5 6 |  6.5
Dodging        | 5 6 |  6.5
Fighting       | 7 8 |  8.0

Action                   |  1- 3 |  4- 6 |  7- 9 || total
-------------------------+-------+-------+-------++-------
Melee: Short sword       |     1 |   180 |   384 ||   565
       Bite              |       |    15 |    48 ||    63
       Punch             |       |     3 |    17 ||    20
Invok: Sacrifice Health  |       |       |     1 ||     1
  Use: Scroll            |       |       |    11 ||    11
 Stab: Sleeping          |     1 |    17 |    20 ||    38
Armor: Leather armour    |       |    30 |    60 ||    90
Dodge: Dodged            |       |    93 |   166 ||   259
Block: Other             |       |       |    33 ||    33
